 Dungeon Crawl Stone Soup version 0.21.0-37-g46506fa (webtiles) character file.

19958 pk666 the Severer (level 12, 0/183 HPs)
             Began as a Minotaur Berserker on Feb 1, 2018.
             Was a High Priest of Trog.
             Slain by a komodo dragon (21 damage)
             ... on level 2 of the Lair of Beasts.
             The game lasted 00:31:28 (13285 turns).

pk666 the Severer (Minotaur Berserker)             Turns: 13285, Time: 00:31:30

Health: 0/183      AC: 16    Str: 31    XL:     12   Next: 41%
Magic:  11/11      EV:  9    Int:  7    God:    Trog [*****.]
Gold:   659        SH:  0    Dex: 11    Spells: 11/11 levels left

rFire    . . .     SeeInvis +   H - +4 executioner's axe
rCold    . . .     Gourm    .   (shield currently unavailable)
rNeg     + . .     Faith    .   E - +0 plate armour (curse)
rPois    +         Spirit   .   (helmet restricted)
rElec    .         Reflect  .   r - +1 cloak of Decompression {rN+ SInv}
rCorr    .         Harm     .   t - +0 pair of gloves
MR       .....                  x - +0 pair of boots
Stlth    ..........             (no amulet)
HPRegen  0.40/turn              o - ring of poison resistance
MPRegen  0.12/turn              I - +3 ring of intelligence

@: berserking, very quick
A: retaliatory headbutt, horns 2
a: Berserk, Trog's Hand, Brothers in Arms, Burn Spellbooks, Renounce Religion


You were on level 2 of the Lair of Beasts.
You worshipped Trog.
Trog was extremely pleased with you.
You were very hungry.

You visited 3 branches of the dungeon, and saw 13 of its levels.

You collected 659 gold pieces.

Inventory:

Hand Weapons
 H - a +4 executioner's axe (weapon)
Armour
 r - the +1 cloak of Decompression (worn) {rN+ SInv}
   (You found it on level 5 of the Dungeon)

   It protects you from negative energy.
   It lets you see invisible.
 t - a +0 pair of gloves (worn)
 x - a +0 pair of boots (worn)
 E - a cursed +0 plate armour (worn)
Jewellery
 o - a ring of poison resistance (left hand)
 I - a +3 ring of intelligence (right hand)
Wands
 f - a wand of acid (13)
 l - a wand of polymorph (25)
 p - a wand of disintegration (22)
 u - a wand of random effects (29)
 y - a wand of enslavement (16)
 B - a wand of iceblast (5)
Scrolls
 d - a scroll of immolation {unknown}
 e - 3 scrolls of blinking {unknown}
 g - 9 scrolls of remove curse
 h - a scroll of amnesia {unknown}
 j - a scroll of random uselessness {unknown}
 k - 9 scrolls of identify
 n - 4 scrolls of teleportation
 v - a scroll of silence {unknown}
 D - 2 scrolls of enchant weapon {unknown}
 F - a scroll of magic mapping {unknown}
Potions
 a - 2 potions of haste
 b - a potion of ambrosia {unknown}
 i - 4 potions of heal wounds {unknown}
 m - 3 potions of agility
 q - 3 potions of lignification {unknown}
 w - a potion of degeneration {unknown}
 z - 3 potions of curing {unknown}
 A - a potion of might {unknown}
 C - 2 potions of flight {unknown}
Books
 G - a book of Minor Magic

   Spells                             Type                      Level
   a - Magic Dart                     Conjuration                  1
   b - Blink                          Translocation                2
   c - Call Imp                       Summoning                    2
   d - Slow                           Hexes                        2
   e - Conjure Flame                  Conjuration/Fire             3
   f - Mephitic Cloud                 Conjuration/Poison/Air       3
   Trog disapproves of the use of such an item.
Comestibles
 c - 20 rations


   Skills:
 + Level 16.3 Fighting
 * Level 16.6 Axes
 + Level 4.2 Armour
 + Level 3.8 Dodging


You had 11 spell levels left.
You didn't know any spells.

Dungeon Overview and Level Annotations

Branches:
Dungeon (10/15)            Temple (1/1) D:4            Lair (2/6) D:10
    Orc (0/2) D:9
  Swamp: Lair:2-4    Shoals: Lair:2-4     Snake: Lair:2-4    Spider: Lair:2-4

Altars:
Ashenzari
Cheibriados
Elyvilon
Fedhas
Hepliaklqana
Okawaru
Qazlal
Ru
Sif Muna
Uskayaw
Vehumet
Yredelemnul
Zin
Beogh

Shops:
D:2 *


Innate Abilities, Weirdness & Mutations

You reflexively headbutt those who attack you in melee.
You have a pair of horns on your head.


Message History

You feel yourself moving faster!
You feel mighty!
You are feeling very hungry.
The komodo dragon bites you!! The komodo dragon closely misses you.
The komodo dragon bites you.
The crocodile bites you but does no damage.
Your plate armour prevents you from hitting the komodo dragon.
The komodo dragon is almost dead.
You barely miss the crocodile. You hit the komodo dragon. x2
The komodo dragon bites you!!
* * * LOW HITPOINT WARNING * * *
The komodo dragon closely misses you.
The komodo dragon bites you but does no damage.
You slash the komodo dragon! You headbutt the komodo dragon!
The komodo dragon is severely wounded.
You slash the komodo dragon! You closely miss the crocodile.
You closely miss the komodo dragon. The crocodile misses you.
The komodo dragon bites you!
* * * LOW HITPOINT WARNING * * *
The komodo dragon bites you!!
You die...

... ...P# .......
#... . .......# #..##
.. #......# #...# .#.
#......####..# ....
#........#...#...#.
#......#.P.ll...... .
#..........@l....#
..#........###t##....
...........## ..# .
##. ##..#....#.# .##
... #..##.....####
.....#..........#
....##..##.[...##
.....#..#......#
....#....#....#..#


You could see 3 komodo dragons and a crocodile.

Vanquished Creatures
  A fire giant (D:9)
  A two-headed ogre (D:10)
  A death yak (D:10)
  Nergalle (D:10)
  An unseen horror (D:10)
  A cyclops (D:9)
  Psyche (D:9)
  A black mamba (Lair:2)
  3 spiny frogs
  4 komodo dragons
  A troll (D:8)
  6 hippogriffs
  Sigmund (D:2)
  5 yaks
  A human (D:8)
  3 hogs (D:8)
  4 fire bats (D:9)
  A steam dragon (Lair:2)
  A basilisk (Lair:1)
  A hungry ghost (D:10)
  Grum (D:8)
  6 water moccasins
  A hell hound (D:9)
  A porcupine (Lair:2)
  2 phantoms
  2 ice beasts (D:8)
  8 orc warriors
  A sky beast (D:5)
  A black bear (D:10)
  14 wolves
  13 ogres
  3 centaurs
  3 crocodiles
  4 big kobolds
  12 bullfrogs
  A gnoll sergeant (D:9)
  3 scorpions
  The ghost of pk666 the Chopper, a weakling MiBe of Trog (D:3)
  17 killer bees
  A crimson imp (D:7)
  2 jellies
  5 hounds
  A quasit (D:6)
  5 orc priests
  Crazy Yiuf (D:7)
  4 iguanas
  7 orc wizards
  2 hell rats (D:10)
  A killer bee zombie (D:6)
  8 worker ants
  2 hound zombies
  A hound skeleton (D:6)
  A worker ant zombie (D:10)
  9 gnolls
  A river rat (D:10)
  7 adders
  2 shadow imps (D:6)
  An ooze (D:1)
  2 adder skeletons
  4 worms
  4 dart slugs
  8 leopard geckos
  46 orcs
  12 bats
  A bat skeleton (D:2)
  3 giant cockroaches
  14 goblins
  7 hobgoblins
  9 jackals
  26 kobolds
  5 quokkas
  2 ball pythons
  9 frilled lizards
  A leopard gecko skeleton (D:4)
  9 rats
356 creatures vanquished.

Vanquished Creatures (collateral kills)
  2 two-headed ogres (D:9)
  2 death yaks (D:10)
  2 porcupines (D:10)
  2 orc warriors (D:9)
  3 ogres (D:9)
  A gnoll sergeant (D:9)
  A gnoll (D:9)
  A river rat (D:10)
  An orc (D:9)
  A jackal (D:9)
  A quokka (D:10)
17 creatures vanquished.

Vanquished Creatures (others)
  2 fire vortices (D:9)
2 creatures vanquished.

Grand Total: 375 creatures vanquished

Notes
Turn   | Place    | Note
-------+----------+-------------------------------------------
     0 | D:1      | pk666 the Minotaur Berserker began the quest for the Orb.
     0 | D:1      | Reached XP level 1. HP: 19/19 MP: 0/0
    71 | D:1      | You fall through a shaft!
    97 | D:2      | Found Zin's Purification Station.
    99 | D:2      | Found a glowing silver altar of Zin.
   111 | D:2      | Reached XP level 2. HP: 22/27 MP: 1/1
   188 | D:2      | Noticed Sigmund
   194 | D:2      | Killed Sigmund
   194 | D:2      | Reached skill level 5 in Fighting
   194 | D:2      | Reached skill level 5 in Axes
   194 | D:2      | Reached XP level 3. HP: 37/37 MP: 2/2
   194 | D:2      | Reached XP level 4. HP: 44/44 MP: 3/3
   194 | D:2      | Reached XP level 5. HP: 50/50 MP: 4/4
   425 | D:2      | Reached ** piety under Trog
  2107 | D:3      | Noticed pk666's ghost (weakling MiBe)
  2118 | D:3      | Killed pk666's ghost
  2118 | D:3      | Reached XP level 6. HP: 49/58 MP: 5/5
  3196 | D:4      | Reached XP level 7. HP: 52/66 MP: 6/6
  3245 | D:4      | Reached *** piety under Trog
  3401 | D:4      | Found a staircase to the Ecumenical Temple.
  3622 | D:4      | Found a stormy altar of Qazlal.
  3675 | D:4      | Found a basalt altar of Yredelemnul.
  3727 | D:4      | Found a snail-covered altar of Cheibriados.
  3741 | D:4      | Found a hide-covered altar of Uskayaw.
  4026 | Temple   | Entered the Ecumenical Temple
  4040 | D:5      | Entered Level 5 of the Dungeon
  4356 | D:5      | Reached XP level 8. HP: 57/75 MP: 7/7
  4739 | D:5      | Got a scorched cloak
  4745 | D:5      | Identified the +1 cloak of Decompression {rN+ SInv} (You found it on level 5 of the Dungeon)
  4919 | D:6      | Found an iron altar of Okawaru.
  4951 | D:6      | Reached **** piety under Trog
  5017 | D:6      | Reached skill level 10 in Axes
  5019 | D:6      | Reached skill level 10 in Fighting
  5519 | D:6      | Found a radiant altar of Vehumet.
  5590 | D:6      | Found a deep blue altar of Sif Muna.
  5778 | D:7      | Found a sacrificial altar of Ru.
  5805 | D:7      | Reached XP level 9. HP: 86/86 MP: 8/8
  6081 | D:7      | Found a white marble altar of Elyvilon.
  6484 | D:7      | Found a runed door.
  6488 | D:7      | Noticed Crazy Yiuf
  6492 | D:7      | Killed Crazy Yiuf
  6558 | D:8      | Found a snail-covered altar of Cheibriados.
  6642 | D:8      | Reached ***** piety under Trog
  6707 | D:8      | Noticed Grum
  6723 | D:8      | Killed Grum
  7079 | D:8      | Reached XP level 10. HP: 92/99 MP: 9/9
  7527 | D:9      | Noticed a two-headed ogre
  7640 | D:9      | Noticed a two-headed ogre
  7641 | D:9      | Killed a two-headed ogre
  7645 | D:9      | Killed a two-headed ogre
  7769 | D:9      | Found a roughly hewn altar of Beogh.
  8135 | D:9      | Found a staircase to the Orcish Mines.
  9191 | D:9      | Reached XP level 11. HP: 110/110 MP: 10/10
  9207 | D:9      | Received a gift from Trog
  9390 | D:9      | Found a shattered altar of Ashenzari.
  9392 | D:9      | Found a transporter.
  9402 | D:9      | Noticed a fire giant
  9402 | D:9      | Found a hazy altar of Hepliaklqana.
  9402 | D:9      | Found a blossoming altar of Fedhas.
  9405 | D:9      | Found a transporter.
  9414 | D:9      | HP: 5/165 [fire giant/great sword of flaming (7)]
  9415 | D:9      | Killed a fire giant
  9915 | D:10     | Entered Level 10 of the Dungeon
  9946 | D:10     | Noticed a death yak
  9949 | D:10     | Noticed a death yak
  9955 | D:10     | Noticed a death yak
  9964 | D:10     | Killed a death yak
  9970 | D:10     | Killed a death yak
  9971 | D:10     | Killed a death yak
  9972 | D:10     | Reached skill level 15 in Axes
 10190 | D:10     | Noticed Nergalle
 10190 | D:10     | Found a staircase to the Lair.
 10204 | D:10     | Killed Nergalle
 10204 | D:10     | Reached skill level 15 in Fighting
 10552 | D:10     | Noticed a two-headed ogre
 10558 | D:10     | Killed a two-headed ogre
 10802 | D:10     | Noticed an unseen horror
 10804 | D:10     | Killed an unseen horror
 10806 | D:10     | Noticed Psyche
 10828 | D:9      | Killed Psyche
 11379 | Lair:1   | Entered Level 1 of the Lair of Beasts
 11643 | Lair:1   | Reached XP level 12. HP: 99/122 MP: 11/11
 11807 | Lair:1   | Received a gift from Trog
 13285 | Lair:2   | Slain by a komodo dragon

Skill      XL: |  1  2  3  4  5  6  7  8  9 10 11 12 |
---------------+-------------------------------------+-----
Fighting       | 4 5 6 7 8 10 12 14 15 16 | 16.3
Axes           | 4 5 6 7 8 10 12 14 15 16 | 16.6
Armour         | 4 |  4.2
Dodging        | 3 |  3.8

Action                   |  1- 3 |  4- 6 |  7- 9 | 10-12 || total
-------------------------+-------+-------+-------+-------++-------
Melee: Hand axe          |    18 |   163 |    43 |       ||   224
       Headbutt          |     6 |    26 |    73 |    77 ||   182
       War axe           |       |       |   292 |   233 ||   525
       Battleaxe         |       |       |       |   102 ||   102
       Unarmed           |       |       |       |    11 ||    11
       Executioner's axe |       |       |       |    60 ||    60
Invok: Berserk           |     1 |       |     2 |     4 ||     7
       Brothers in Arms  |       |       |       |     4 ||     4
       Burn Spellbooks   |       |       |       |     2 ||     2
  Use: Scroll            |       |       |     4 |     1 ||     5
  Eat: Chunk             |       |     8 |    14 |    22 ||    44
       Ration            |       |       |       |     1 ||     1
Armor: Chain mail        |     6 |    75 |   181 |    73 ||   335
       Animal skin       |     1 |       |       |       ||     1
       Plate armour      |       |       |       |   205 ||   205
Dodge: Dodged            |    13 |    69 |   175 |   223 ||   480
